[ AOE2 MATCH · #478544063 ]
UnrankedVietnamese vs Burgundians
[ REPLAY ANALYSIS · EXTRACTED FROM THE RECORDED GAME ]
Feudal
9:17
Castle
20:40
Imperial
35:35
| APM avg | 62.1 |
| APM peak | 95 |
| eAPM avg | 27.2 |
| Villagers / military | 134 / 153 |
Focus
⚔️ 23.1% · 🌾 76.9%
Skirmisher ×76 · Cavalry Archer ×38 · Archer ×14 · Mangonel ×7 · Bombard Cannon ×5 · Trebuchet (Packed) ×5
Feudal
13:02
Castle
17:30
Imperial
36:10
| APM avg | 56.3 |
| APM peak | 113 |
| eAPM avg | 26.1 |
| Villagers / military | 125 / 137 |
Focus
⚔️ 45.5% · 🌾 54.5%
Skirmisher ×93 · Knight ×15 · Scout Cavalry ×14 · Fishing Ship ×8 · Bombard Cannon ×4 · Monk ×3
Match map
Initial resources + every placement click. Lines = walls · curves = elevation contours. ◆ gold · ⬟ stone · ● berries · ✦ relic · ◌ wall gap
Your base· Open — 6t gap
01DarkDevil's base· Open — 5t gap
Smoothed initial terrain · ◌ = detected wall gap · hover for details
Inputs per minute
— Big Dota - - 01DarkDevil
Build order — Big Dota
First 150 of 376 actions detected
| 0:01 | Create | Villager (Male) |
| 0:02 | Build | House |
| 0:03 | Build | House |
| 0:08 | Create | Villager (Male) |
| 0:08 | Create | Villager (Male) |
| 0:08 | Create | Villager (Male) |
| 1:28 | Create | Villager (Male) |
| 1:28 | Create | Villager (Male) |
| 1:52 | Build | Lumber Camp |
| 2:06 | Create | Villager (Male) |
| 2:07 | Create | Villager (Male) |
| 2:15 | Build | House |
| 2:18 | Create | Villager (Male) |
| 2:51 | Create | Villager (Male) |
| 2:51 | Create | Villager (Male) |
| 3:06 | Create | Villager (Male) |
| 3:43 | Create | Villager (Male) |
| 3:54 | Create | Villager (Male) |
| 4:35 | Create | Villager (Male) |
| 4:46 | Create | Villager (Male) |
| 4:55 | Build | Mill |
| 5:23 | Create | Villager (Male) |
| 5:34 | Create | Villager (Male) |
| 6:04 | Create | Villager (Male) |
| 6:12 | Research | Loom |
| 6:57 | Research | Feudal Age |
| 7:10 | Build | Dock |
| 7:57 | Build | Barracks |
| 8:40 | Create | Fishing Ship |
| 8:52 | Build | House |
| 9:11 | Create | Villager (Male) |
| 9:12 | Create | Villager (Male) |
| 9:17 | Age | Feudal Age |
| 9:28 | Build | Archery Range |
| 9:37 | Create | Villager (Male) |
| 10:09 | Create | Archer |
| 10:19 | Build | House |
| 10:20 | Create | Villager (Male) |
| 10:25 | Build | Mining Camp |
| 10:30 | Research | Double-Bit Axe |
| 10:32 | Create | Villager (Male) |
| 10:47 | Build | Mill |
| 10:54 | Create | Skirmisher |
| 10:56 | Create | Villager (Male) |
| 11:02 | Build | House |
| 11:05 | Build | House |
| 11:15 | Create | Villager (Male) |
| 11:21 | Create | Archer |
| 11:26 | Create | Villager (Male) |
| 11:35 | Create | Fishing Ship |
| 11:47 | Build | House |
| 11:48 | Build | House |
| 11:59 | Create | Archer |
| 12:21 | Create | Villager (Male) |
| 12:23 | Build | Blacksmith |
| 12:39 | Create | Villager (Male) |
| 12:42 | Create | Archer |
| 12:54 | Create | Skirmisher |
| 12:57 | Build | Farm |
| 13:00 | Build | Farm |
| 13:01 | Research | Fletching |
| 13:30 | Build | Farm |
| 13:31 | Build | Farm |
| 13:36 | Create | Fishing Ship |
| 13:59 | Build | Farm |
| 14:01 | Build | Farm |
| 14:01 | Create | Villager (Male) |
| 14:11 | Create | Archer |
| 14:14 | Create | Villager (Male) |
| 14:16 | Build | Farm |
| 14:20 | Build | Farm |
| 14:39 | Build | Farm |
| 14:45 | Build | Palisade Wall |
| 14:48 | Build | House |
| 14:51 | Create | Archer |
| 14:53 | Create | Villager (Male) |
| 14:54 | Create | Villager (Male) |
| 14:55 | Create | Villager (Male) |
| 14:59 | Build | Palisade Gate |
| 15:00 | Build | House |
| 15:05 | Build | Farm |
| 15:09 | Research | Horse Collar |
| 15:09 | Research | Horse Collar |
| 15:28 | Create | Demolition Raft |
| 15:30 | Create | Fishing Ship |
| 15:47 | Research | Wheelbarrow |
| 16:02 | Build | Palisade Wall |
| 16:08 | Create | Villager (Male) |
| 16:13 | Build | Farm |
| 16:14 | Build | Farm |
| 16:21 | Create | Villager (Male) |
| 16:30 | Build | Palisade Wall |
| 16:40 | Build | House |
| 16:46 | Build | Farm |
| 16:55 | Create | Archer |
| 16:55 | Create | Archer |
| 16:56 | Create | Archer |
| 17:28 | Build | Farm |
| 17:35 | Create | Villager (Male) |
| 17:42 | Build | Lumber Camp |
| 17:55 | Research | Castle Age |
| 17:58 | Create | Archer |
| 18:32 | Create | Spearman |
| 19:09 | Create | Spearman |
| 19:12 | Create | Archer |
| 19:12 | Create | Archer |
| 19:23 | Create | Spearman |
| 19:27 | Create | Villager (Male) |
| 19:27 | Create | Villager (Male) |
| 19:30 | Build | Lumber Camp |
| 19:35 | Create | Archer |
| 19:38 | Create | Spearman |
| 19:40 | Build | House |
| 20:15 | Build | House |
| 20:20 | Create | Archer |
| 20:27 | Build | Archery Range |
| 20:36 | Research | Gold Mining |
| 20:40 | Age | Castle Age |
| 20:46 | Research | Scale Barding Armor |
| 20:47 | Research | Bodkin Arrow |
| 20:50 | Build | Monastery |
| 20:57 | Build | Farm |
| 21:10 | Create | Cavalry Archer |
| 21:10 | Create | Cavalry Archer |
| 21:14 | Create | Villager (Male) |
| 21:19 | Build | Town Center |
| 21:21 | Create | Cavalry Archer |
| 21:22 | Create | Cavalry Archer |
| 21:53 | Create | Cavalry Archer |
| 21:54 | Create | Monk |
| 22:17 | Build | Stable |
| 22:21 | Create | Cavalry Archer |
| 22:22 | Create | Cavalry Archer |
| 22:28 | Create | Villager (Male) |
| 22:29 | Create | Villager (Male) |
| 22:39 | Create | Cavalry Archer |
| 22:52 | Research | Bloodlines |
| 23:00 | Build | Mining Camp |
| 23:06 | Create | Cavalry Archer |
| 23:08 | Create | Villager (Male) |
| 23:09 | Create | Villager (Male) |
| 23:09 | Create | Villager (Male) |
| 23:11 | Create | Villager (Male) |
| 23:28 | Create | Cavalry Archer |
| 23:28 | Create | Cavalry Archer |
| 23:39 | Build | Market |
| 23:55 | Create | Villager (Male) |
| 23:56 | Create | Villager (Male) |
| 23:57 | Create | Villager (Male) |
| 24:01 | Create | Monk |
Build order — 01DarkDevil
First 150 of 413 actions detected
| 0:00 | Create | Villager (Male) |
| 0:00 | Create | Villager (Male) |
| 0:00 | Create | Villager (Male) |
| 0:01 | Create | Villager (Male) |
| 0:01 | Create | Villager (Male) |
| 0:02 | Build | House |
| 0:03 | Build | House |
| 1:28 | Create | Villager (Male) |
| 1:53 | Build | Lumber Camp |
| 1:55 | Create | Villager (Male) |
| 2:12 | Create | Villager (Male) |
| 2:43 | Research | Double-Bit Axe |
| 2:57 | Create | Villager (Male) |
| 3:21 | Create | Villager (Male) |
| 3:27 | Build | House |
| 3:43 | Research | Loom |
| 4:00 | Create | Villager (Male) |
| 4:00 | Create | Villager (Male) |
| 4:23 | Create | Villager (Male) |
| 4:47 | Create | Villager (Male) |
| 5:15 | Build | Dock |
| 5:18 | Create | Villager (Male) |
| 5:22 | Create | Villager (Male) |
| 5:55 | Build | House |
| 5:56 | Create | Fishing Ship |
| 6:00 | Create | Villager (Male) |
| 6:15 | Create | Villager (Male) |
| 6:23 | Build | Palisade Wall |
| 6:30 | Build | Palisade Wall |
| 6:35 | Build | House |
| 6:48 | Build | Palisade Wall |
| 6:50 | Build | Palisade Wall |
| 6:53 | Create | Villager (Male) |
| 7:10 | Build | Palisade Wall |
| 7:18 | Create | Villager (Male) |
| 7:28 | Create | Fishing Ship |
| 7:33 | Build | Palisade Wall |
| 7:46 | Create | Villager (Male) |
| 7:51 | Build | Palisade Wall |
| 7:57 | Build | House |
| 7:58 | Build | Palisade Wall |
| 8:17 | Build | Palisade Wall |
| 8:25 | Build | Palisade Wall |
| 8:27 | Create | Fishing Ship |
| 8:27 | Create | Villager (Male) |
| 8:45 | Build | Palisade Wall |
| 8:47 | Create | Villager (Male) |
| 8:49 | Build | Palisade Wall |
| 9:07 | Build | Palisade Wall |
| 9:08 | Create | Fishing Ship |
| 9:23 | Create | Villager (Male) |
| 9:27 | Build | Mill |
| 9:43 | Create | Villager (Male) |
| 9:55 | Build | Palisade Wall |
| 10:08 | Create | Fishing Ship |
| 10:21 | Build | House |
| 10:52 | Research | Feudal Age |
| 10:52 | Research | Feudal Age |
| 10:58 | Build | Mining Camp |
| 11:07 | Build | House |
| 11:11 | Create | Fishing Ship |
| 11:55 | Build | Barracks |
| 12:14 | Create | Transport Ship |
| 13:02 | Age | Feudal Age |
| 13:04 | Create | Galley |
| 13:06 | Create | Villager (Male) |
| 13:06 | Create | Villager (Male) |
| 13:19 | Build | Stable |
| 13:46 | Build | Market |
| 13:47 | Create | Villager (Male) |
| 14:20 | Create | Villager (Male) |
| 14:34 | Build | Blacksmith |
| 14:50 | Research | Castle Age |
| 14:56 | Build | House |
| 15:23 | Build | House |
| 15:24 | Research | Bow Saw |
| 15:33 | Create | Fishing Ship |
| 16:05 | Research | Scale Barding Armor |
| 16:12 | Build | Stable |
| 16:24 | Create | Fishing Ship |
| 16:50 | Build | House |
| 17:10 | Research | Horse Collar |
| 17:13 | Build | Farm |
| 17:15 | Build | Farm |
| 17:18 | Build | Farm |
| 17:27 | Build | Farm |
| 17:28 | Build | Farm |
| 17:30 | Age | Castle Age |
| 17:33 | Create | Villager (Male) |
| 17:36 | Create | Knight |
| 17:37 | Create | Knight |
| 17:57 | Create | Villager (Male) |
| 18:00 | Build | Farm |
| 18:04 | Build | Farm |
| 18:05 | Build | Farm |
| 18:48 | Create | Knight |
| 18:49 | Create | Knight |
| 18:54 | Build | Farm |
| 18:54 | Build | Farm |
| 18:55 | Build | Farm |
| 19:06 | Create | Knight |
| 19:26 | Build | Farm |
| 19:26 | Build | Farm |
| 19:34 | Create | Villager (Male) |
| 19:46 | Create | Villager (Male) |
| 19:48 | Create | Knight |
| 20:01 | Create | Villager (Male) |
| 20:03 | Build | Farm |
| 20:24 | Create | Knight |
| 20:28 | Create | Villager (Male) |
| 20:41 | Build | Lumber Camp |
| 20:51 | Build | Monastery |
| 20:55 | Create | Knight |
| 21:04 | Create | Knight |
| 21:08 | Create | Villager (Male) |
| 21:56 | Create | Villager (Male) |
| 21:58 | Create | Monk |
| 21:59 | Create | Knight |
| 22:00 | Create | Knight |
| 22:01 | Build | House |
| 22:04 | Create | Villager (Male) |
| 22:05 | Build | House |
| 22:16 | Build | Town Center |
| 22:23 | Create | Knight |
| 22:30 | Create | Villager (Male) |
| 22:45 | Create | Villager (Male) |
| 22:55 | Build | Archery Range |
| 23:04 | Create | Villager (Male) |
| 23:05 | Create | Villager (Male) |
| 23:12 | Create | Monk |
| 23:15 | Research | Fletching |
| 23:41 | Create | Villager (Male) |
| 23:42 | Build | Archery Range |
| 23:43 | Create | Skirmisher |
| 23:49 | Create | Villager (Male) |
| 23:50 | Create | Villager (Male) |
| 24:02 | Create | Knight |
| 24:12 | Create | Monk |
| 24:18 | Create | Villager (Male) |
| 24:21 | Create | Skirmisher |
| 24:28 | Create | Villager (Male) |
| 24:31 | Build | House |
| 24:32 | Build | House |
| 24:37 | Build | House |
| 24:40 | Create | Skirmisher |
| 24:41 | Create | Skirmisher |
| 24:49 | Create | Villager (Male) |
| 24:50 | Create | Villager (Male) |
| 25:10 | Create | Transport Ship |
| 25:19 | Build | House |
Match timeline
| 5:15 | 01DarkDevil · first_building Dock |
| 6:23 | 01DarkDevil · wall_segment Palisade Wall x4 |
| 6:30 | 01DarkDevil · wall_segment Palisade Wall x8 |
| 6:48 | 01DarkDevil · wall_segment Palisade Wall x3 |
| 6:50 | 01DarkDevil · wall_segment Palisade Wall x13 |
| 7:10 | 01DarkDevil · wall_segment Palisade Wall x7 |
| 7:10 | Big Dota · first_building Dock |
| 7:33 | 01DarkDevil · wall_segment Palisade Wall x4 |
| 7:51 | 01DarkDevil · wall_segment Palisade Wall x4 |
| 7:57 | Big Dota · first_building Barracks |
| 7:58 | 01DarkDevil · wall_segment Palisade Wall x4 |
| 8:17 | 01DarkDevil · wall_segment Palisade Wall x2 |
| 8:25 | 01DarkDevil · wall_segment Palisade Wall x1 |
| 8:45 | 01DarkDevil · wall_segment Palisade Wall x4 |
| 8:49 | 01DarkDevil · wall_segment Palisade Wall x1 |
| 9:07 | 01DarkDevil · wall_segment Palisade Wall x4 |
| 9:17 | Big Dota · age_up feudal |
| 9:28 | Big Dota · first_building Archery Range |
| 9:55 | 01DarkDevil · wall_segment Palisade Wall x11 |
| 11:55 | 01DarkDevil · first_building Barracks |
| 13:02 | 01DarkDevil · age_up feudal |
| 13:19 | 01DarkDevil · first_building Stable |
| 14:42 | 01DarkDevil · first_market_buy 100 food |
| 14:45 | Big Dota · wall_segment Palisade Wall x6 |
| 14:48 | 01DarkDevil · first_market_sell 100 stone |
| 16:02 | Big Dota · wall_segment Palisade Wall x9 |
| 16:30 | Big Dota · wall_segment Palisade Wall x9 |
| 17:30 | 01DarkDevil · age_up castle |
| 20:40 | Big Dota · age_up castle |
| 20:50 | Big Dota · first_building Monastery |
| 20:51 | 01DarkDevil · first_building Monastery |
| 22:17 | Big Dota · first_building Stable |
| 22:55 | 01DarkDevil · first_building Archery Range |
| 24:30 | Big Dota · first_market_sell 100 food |
| 26:54 | Big Dota · first_market_buy 100 stone |
| 27:39 | Big Dota · first_building Siege Workshop |
| 30:10 | 01DarkDevil · first_building Siege Workshop |
| 31:51 | Big Dota · first_building Castle |
| 32:26 | 01DarkDevil · first_building Castle |
| 34:12 | Big Dota · wall_segment Palisade Wall x1 |
| 35:35 | Big Dota · age_up imperial |
| 36:10 | 01DarkDevil · age_up imperial |
| 43:56 | 01DarkDevil · resign |
[ AI ANALYSIS · 1 CREDIT ]
What really happened in this match?
Wolo.gg analyzes every decision: build order, eco, micro, common mistakes by bracket. Personalized analysis on WhatsApp or Discord in 30 seconds.
Civ guide
Vietnamese
Perfil
Jugador #3357289